Cogmind - Beta 10.2 @@@ ROGUE MODE // 2021.04.12 @ 07:14:07 Player: Konpasu Result: Self-destructed Performance ------------- Evolutions (1) 500 Regions Visited (3) 600 Robots Destroyed (29) 145 Value Destroyed (495) 495 Prototype IDs (0) 0 Alien Tech Used (0) 0 Bonus (0) 0 TOTAL SCORE: 1740 Bonus ------- None Cogmind --------- Core Integrity 108/400 Matter 293/300 Energy 100/100 System Corruption 0% Temperature Cool (9) Movement Core (100) Ox1 Location -9/Materials Parts ------- > --- POWER (2) -------- (None) > --- PROPULSION (2) --- (None) > --- UTILITY (3) ------ Heat Sink Small Storage Unit Weapon Shielding > --- WEAPON (2) ------- (None) > --- INVENTORY (6) ---- Wheel Wheel Wheel Peak State ------------ > --- POWER ------------ Light Ion Engine Light Ion Engine > --- PROPULSION ------- Wheel Compact Wheel > --- UTILITY ---------- Heat Sink Improved Heat Sink Small Storage Unit > --- WEAPON ----------- Light Assault Rifle > --- INVENTORY -------- Wheel Wheel [Rating: 10] Favorites ----------- Power Ion Engine Engine Ion Engine Propulsion Aluminum Leg Treads Light Treads Leg Aluminum Leg Wheel Wheel Utility Small Storage Unit Device Improved Terrain Scanner Storage Small Storage Unit Processor Seismic Analyzer Protection Weapon Shielding Weapon Light Assault Rifle Ballistic Gun Light Assault Rifle Ballistic Cannon Light Cannon Launcher Grenade Launcher Build | -11 -10 -10 -9 ------- Run | Scr Mat Min Mat Slots Evolved 2 | . . . 2 Power 1 | . . . 1 Propulsion . | . . . . Utility 1 | . . . 1 Weapon . | . . . . Parts Attached 33 | 9 2 11 11 Power 7 | 1 1 2 3 Engine 7 | 1 1 2 3 Core . | . . . . Reactor . | . . . . Propulsion 9 | 3 . 3 3 Treads 1 | 1 . . . Leg 5 | 2 . . 3 Wheel 3 | . . 3 . Hover . | . . . . Flight . | . . . . Utility 10 | 3 . 2 5 Device 7 | 1 . 2 4 Storage 1 | 1 . . . Processor 1 | 1 . . . Hackware . | . . . . Protection 1 | . . . 1 Artifact . | . . . . Weapon 7 | 2 1 4 . Energy Gun . | . . . . Energy Cannon . | . . . . Ballistic Gun 5 | 2 . 3 . Ballistic Cannon 1 | . . 1 . Launcher 1 | . 1 . . Special Weapon . | . . . . Impact Weapon . | . . . . Slashing Weapon . | . . . . Piercing Weapon . | . . . . Special Melee Weapon . | . . . . Unidentified Prototypes . | . . . . Parts Lost 15 | . 4 3 8 Power 5 | . 1 1 3 Propulsion 3 | . . . 3 Utility 2 | . 1 . 1 Weapon 5 | . 2 2 1 Highest Loss Streak 3 | . 3 2 3 Average Slot Usage (%) 87 | . 96 91 69 Engine 12 | . 14 8 16 Leg 10 | . 28 . 12 Wheel 15 | . . 27 7 Device 12 | . 14 13 6 Storage 13 | . 14 14 11 Protection 2 | . . . 10 Ballistic Gun 14 | . 14 19 5 Ballistic Cannon 2 | . . 6 . Launcher 2 | . 10 . . Naked Turns . | . . . . Heaviest Build 15 | 12 14 12 15 Greatest Support 26 | 20 20 26 26 Greatest Overweight (x) 1 | 1 . . 1 Average Overweight (x) . | . . . . Largest Inventory Capacity 6 | 6 6 6 6 Average Capacity 5 | 5 6 6 6 Most Carried 6 | 3 6 4 6 Average Carried 2 | . 4 2 4 Final Capacity 6 | 6 6 6 6 Final Carried 5 | 3 5 4 3 Class Distribution -------------------- 72% | Mutant 27% | Scavenger-Mutant Dominant Class ---------------- Mutant | -10/Materials Mutant | -10/Mines Scavenger-Mutant | -9/Materials Resources | -11 -10 -10 -9 ----------- Run | Scr Mat Min Mat Matter Collected 746 | 317 35 299 95 Remotely . | . . . . Salvage Created 672 | 164 123 290 95 Parts 51 | 23 17 8 3 Haulers Intercepted . | . . . . Recyclers Shooed 1 | 1 . . . Parts Field Recycled . | . . . . Retrieved Matter . | . . . . Parts Self-Destructed . | . . . . Prevented . | . . . . Kills | -11 -10 -10 -9 ------- Run | Scr Mat Min Mat Combat Hostiles Destroyed 15 | . 6 7 2 Guns 11 | . 5 4 2 Cannons 3 | . . 3 . AOE 1 | . 1 . . Classes Destroyed 7 | 2 4 1 . Worker 4 | 2 . 2 . Builder 1 | . 1 . . Tunneler 7 | 6 . 1 . Recycler 1 | . . 1 . Watcher 1 | . 1 . . Swarmer 6 | . 3 3 . Grunt 9 | . 3 4 2 Best Kill Streak 4 | 3 4 2 1 Combat Bots Only 3 | . 3 2 1 Max Kills in Single Turn 1 | 1 1 1 1 Gunslinging . | . . . . Exploded 1 | . 1 . . Melee . | . . . . Uniques/NPCs Destroyed . | . . . . Combat | -11 -10 -10 -9 -------- Run | Scr Mat Min Mat Damage Taken 1757 | . 619 387 751 Core 538 | . 174 72 292 Absorbed by Shields . | . . . . Core Remaining (%) 50 | 100 . 1 . Volleys Fired 162 | 34 42 59 27 Largest 2 | 1 1 2 1 Hottest 40 | 20 30 40 20 Shots Fired 182 | 34 42 79 27 Gun 149 | 34 38 50 27 Cannon 29 | . . 29 . Launcher 4 | . 4 . . Special . | . . . . Kinetic 178 | 34 38 79 27 Thermal . | . . . . Explosive 4 | . 4 . . Electromagnetic . | . . . . Robot Hit Streak 12 | 6 6 8 12 Robot Miss Streak 6 | 6 3 4 2 Penetration Max . | . . . . Secondary Targets . | . . . . Shots Hit Robots 123 | 21 31 50 21 Core Hits 60 | 16 17 18 9 Critical Hits . | . . . . Critical Kills . | . . . . Critical Parts Destroyed . | . . . . Melee Attacks . | . . . . Impact . | . . . . Slashing . | . . . . Piercing . | . . . . Sneak Attacks . | . . . . Combat Hostiles . | . . . . Follow-up Attacks . | . . . . Damage Inflicted 1403 | 186 459 583 175 Guns 835 | 184 254 222 175 Cannons 361 | . . 361 . Explosions 205 | . 205 . . Melee . | . . . . Ramming 2 | 2 . . . Kinetic 1196 | 184 254 583 175 Thermal . | . . . . Explosive 205 | . 205 . . Electromagnetic . | . . . . Impact . | . . . . Slashing . | . . . . Piercing . | . . . . Highest Corruption . | . . . . Average Corruption . | . . . . Corruption Purged . | . . . . Overload Shots . | . . . . Overflow Damage . | . . . . Projectiles . | . . . . Explosions . | . . . . Melee . | . . . . Knockbacks 6 | . . 6 . Impact . | . . . . Kinetic 6 | . . 6 . Secondary . | . . . . Self-Inflicted Damage 5 | . 5 . . Shots 1 | . 1 . . Rammed 1 | 1 . . . Targets Rammed 2 | 2 . . . Kicked 1 | 1 . . . Crushed . | . . . . Highest Temperature 13 | . 12 2 13 Average Temperature 6 | . 7 2 6 Received Heat Transfer 579 | . 162 138 279 Siege Activations . | . . . . Robots Corrupted . | . . . . Combat Hostiles . | . . . . Parts Fried . | . . . . Impact Corruptions . | . . . . Robots Melted . | . . . . Combat Hostiles . | . . . . Parts Melted . | . . . . Heat Transferred . | . . . . Parts Sabotaged . | . . . . Parts Stolen . | . . . . Parts Stripped . | . . . . Power Chain Reactions . | . . . . Missiles Intercepted . | . . . . Alert | -11 -10 -10 -9 ------- Run | Scr Mat Min Mat Peak Influence 214 | 40 208 214 79 Initial 69 | . 26 69 34 Average 77 | 13 102 119 51 Maximum Alert Level 1 | . 1 1 . Low Security (%) 91 | 100 94 80 100 Level 1 8 | . 5 19 . Level 2 . | . . . . Level 3 . | . . . . Level 4 . | . . . . Level 5 . | . . . . High Security . | . . . . Max Security . | . . . . Squads Dispatched 2 | . 2 . . Investigation . | . . . . Extermination . | . . . . Reinforcement 2 | . 2 . . Assault . | . . . . Garrison . | . . . . Intercept . | . . . . Construction Impeded . | . . . . Haulers Reinforced . | . . . . Stealth | -11 -10 -10 -9 --------- Run | Scr Mat Min Mat Distress Signals 1 | . 1 . . Communications Jammed . | . . . . Distress Signals . | . . . . Times Spotted 25 | . 13 8 4 Peak Tracking Total 4 | . 4 3 2 Tactical Retreats 2 | . . 2 . Traps | -11 -10 -10 -9 ------- Run | Scr Mat Min Mat Traps Triggered . | . . . . Indirectly . | . . . . Trap Hack Attempts . | . . . . Triggered . | . . . . Disarmed . | . . . . Reprogrammed . | . . . . Reused . | . . . . Traps Extracted . | . . . . Installed . | . . . . Triggered . | . . . . Machines | -11 -10 -10 -9 ---------- Run | Scr Mat Min Mat Machines Disabled 1 | . . 1 . Max in Single Turn 1 | . . 1 . Machines Sabotaged . | . . . . Garrisons Compromised . | . . . . Overloaded Fab Kills . | . . . . Fab Network Shutdowns . | . . . . Hacking | -11 -10 -10 -9 --------- Run | Scr Mat Min Mat Machines Accessed 1 | . 1 . . Terminals 1 | . 1 . . Fabricators . | . . . . Repair Stations . | . . . . Recycling Units . | . . . . Scanalyzers . | . . . . Garrison Access . | . . . . Total Hacks 1 | . 1 . . Successful 1 | . 1 . . Failed . | . . . . Catastrophic . | . . . . Database Lockouts . | . . . . Manual . | . . . . Terminals 1 | . 1 . . Fabricators . | . . . . Repair Stations . | . . . . Recycling Units . | . . . . Scanalyzers . | . . . . Garrison Access . | . . . . Terminal Hacks 1 | . 1 . . Alert Level 1 | . 1 . . Fabricator Hacks . | . . . . Repair Station Hacks . | . . . . Recycling Unit Hacks . | . . . . Scanalyzer . | . . . . Garrison Access Hacks . | . . . . Unauthorized Hacks . | . . . . Terminals . | . . . . Fabricators . | . . . . Repair Stations . | . . . . Recycling Units . | . . . . Scanalyzers . | . . . . Garrison Access . | . . . . Data Cores Recovered . | . . . . Used . | . . . . Hacking Detections . | . . . . Full Trace Events . | . . . . Feedback Events . | . . . . Feedback Blocked . | . . . . Robot Schematics Acquired . | . . . . Robots Built . | . . . . Matter . | . . . . Time . | . . . . Total Robot Build Rating . | . . . . Part Schematics Acquired . | . . . . Parts Built . | . . . . Matter . | . . . . Time . | . . . . Total Part Build Rating . | . . . . Parts Repaired . | . . . . Time . | . . . . Parts Recycled . | . . . . Recycled Matter . | . . . . Retrieved Matter . | . . . . Retrieved Components . | . . . . Parts Scanalyzed . | . . . . Part Schematics Acquired . | . . . . Parts Damaged . | . . . . Bothacking | -11 -10 -10 -9 ------------ Run | Scr Mat Min Mat Used RIF Installer . | . . . . Robots Hacked . | . . . . Non-combat . | . . . . Combat . | . . . . Robot Hacks Applied . | . . . . Relay Couplers Released . | . . . . Robots Rewired . | . . . . Allies Hacked . | . . . . Hacks Repelled . | . . . . Allies | -11 -10 -10 -9 -------- Run | Scr Mat Min Mat Total Allies . | . . . . Largest Group . | . . . . Highest-Rated Group . | . . . . Highest-Rated Ally . | . . . . Total Orders . | . . . . Ally Attacks . | . . . . Total Damage . | . . . . Kills . | . . . . Allies Corrupted . | . . . . Allies Melted . | . . . . Intel | -11 -10 -10 -9 ------- Run | Scr Mat Min Mat Robot Analysis Total . | . . . . Derelict Logs Recovered 1 | . . 1 . Drone Launches . | . . . . Drone Recoveries . | . . . . Exploration | -11 -10 -10 -9 ------------- Run | Scr Mat Min Mat Turns Passed 1429 | 348 297 525 259 Spaces Moved 1018 | 215 180 449 174 Core 8 | 6 . . 2 Treads 20 | 20 . . . Legs 485 | 189 180 . 116 Wheels 505 | . . 449 56 Hover . | . . . . Flight . | . . . . Fastest Speed 50 | 50 120 80 90 Average Speed 102 | 122 120 83 110 Slowest Speed 160 | 160 120 90 120 Overloaded Moves . | . . . . Propulsion Burnouts . | . . . . Robots Hopped . | . . . . Cave-ins Triggered . | . . . . Exploration Rate (%) 30 | 8 33 66 13 Regions Visited 3 Branch Regions 1 Pre-discovered Areas 1 | . . 1 . Known Exits Taken . | . . . . Unknown Exits Taken 3 | 1 1 1 . Scrap Searched 1 | . . 1 . Spaces Dug . | . . . . Terrain Destroyed 14 | . 14 . . Melee . | . . . . Projectile . | . . . . AOE 14 | . 14 . . Terrain Rammed . | . . . . Walls Destroyed . | . . . . Machines Disabled . | . . . . Actions | -11 -10 -10 -9 --------- Run | Scr Mat Min Mat Total 1241 | 272 227 526 216 Wait . | . . . . Move 1015 | 214 179 448 174 Hop . | . . . . Pick Up 25 | 12 3 6 4 Fast Attach . | . . . . Attach 22 | 8 2 7 5 Detach 1 | . 1 . . Swap 11 | 1 . 4 6 Drop 3 | 1 . 2 . Fire 162 | 34 42 59 27 Melee . | . . . . Ram . | . . . . Kick 1 | 1 . . . Crush 1 | 1 . . . Escape Stasis . | . . . . Rewire . | . . . . Trap . | . . . . Miscellaneous . | . . . . Route ------- -11/Scrapyard -10/Materials -10/Mines -9/Materials History --------- Turn | Location | Event 11 | -11/Scrapyard | Discovered new exit (range 14) 349 | -11/Scrapyard | Entered Materials 350 | -10/Materials | Build established: Mutant 519 | -10/Materials | Discovered new exit (range 7) 634 | -10/Materials | Core integrity fell below 50% 646 | -10/Materials | Entered Mines 662 | -10/Mines | Met a Derelict bent on vengeance 674 | -10/Mines | Lost 3 parts (1p1u1w) 758 | -10/Mines | Discovered new exit (range 5) 774 | -10/Mines | Core integrity fell below 20% 1020 | -10/Mines | Learned location of Storage (-9) 1171 | -10/Mines | Entered Materials 1171 | -9/Materials | Evolved 2 slots: Power x1, Utility x1 1251 | -9/Materials | Build established: Scavenger-Mutant 1415 | -9/Materials | Core integrity fell below 50% 1430 | -9/Materials | Self-destructed Last Messages --------------- Acquired Weapon Shielding. Connecting with Terminal... Current location identified: Materials G-34 Mercenary destroyed. Acquired Ion Engine. Acquired Aluminum Leg. Acquired 39 matter. Com. Wheel destroyed. K-01 Serf collects debris. Imp. Heat Sink destroyed. G-47 Trooper destroyed. Acquired 37 matter. Acquired Aluminum Leg. Acquired 19 matter. Lgt. Assault Rifle destroyed. K-01 Serf cleans the Neutrino Reactor. K-01 Serf collects debris. Ion Engine destroyed. Lgt. Ion Engine destroyed. Aluminum Leg destroyed. Map ----- +----------------------------------------------------+ | | | | | | | | | | | | | | | | | | | | | | | | | | | ???????????????????????????????###########?####### | | ???????????????????????????????# #?# | | ????????????????????????######## """ #?# """"" | | ????????????????????????# # """"" #?# ""T"" | | ???????????????????????## "" # """"" #?# | | ???????????????????????# """ # """"" #?# """ " | | ???????????????????????## S" # """ #?# """ " | | ????????????#!??????????# # #?# """ " | | ????????????#! ???????# # #?# | | ???????????## ########+########+###########+# | | ?????????? Y #??# | | ?????????? #### | | ?????????? @ Y | | ?????????????######## r#### #####+###### | | ????????????????????# ???# #?# | | ????????????????????# ????# """"" #?# """ """ | | ????????????????????# ?????# """"" #?# """ """ | | ????????????????????#??????# """"" #?# """ """ | | ???????????????????????????# #?# | | ???????????????????????????# #?# | | ???????????????????????????############?#= ! | | ????????????????????????????????????????########## | | ?????????????????????????????????????????????????? | | ?????????????????????????????????????????????????? | | ?????????????????????????????????????????????????? | | ?????????????????????????????????????????????????? | | ?????????????????????????????????????????????????? | | ?????????????????????????????????????????????????? | | ?????????????????????????????????????????????????? | | ?????????????????????????????????????????????????? | | ?????????????????????????????????????????????????? | | ????????????????????????????????????????????????? | | ???????????????????????????????????????????????? | | ??????????????????????????????????????????????? | | ??????????????????????????????????????????????? | | ????????????????????????????????????????????????? | | ?????????????????????????????????????????????????? | +----------------------------------------------------+ Best States ------------- Heat Dissipation 52 Energy Generation 15 Energy Capacity 275 Matter Stores 300 Matter Capacity 300 Sight Range 16 Terrain Scan Range 16 Terrain Scan Density 60 Weapon Shielding 33 Evasion (%) 44 Recoil Reduction 1 Item Schematics ----------------- None Robot Schematics ------------------ None Fabricated ------------ Nothing Alien Tech Used ----------------- None Achievements -------------- Close Call Challenges ------------ None Game ------ Seed AlertBehemothAnalyzer Manual? 0 Play Time 00:17:27 Cumulative 2.2 hours Start 2021.04.12 @ 06:59:17 End 2021.04.12 @ 07:14:07 Sessions 1 Manual Loads 0 Difficulty Rogue Special Mode None Game No. 3 Rogue 3 Adventurer 0 Explorer 0 Win Type - Total 0 Types 0/0/0/0/0/0/0/0/0 Lore% 1 Gallery% 6 Achievement% 7 Wizard Run 0 Options --------- ASCII 1 Keyboard 0 Movement Mouse Keybinds 0 Fullscreen 0 Font 32/SmallcapsGlow Map View 76x50 Tactical HUD 0 Map Filters NONE Filters NONE Steam 1 RUN: d9a4df98-383f-4790-bc78-cdb7d281f152